 Dungeon Sprint DCSS version 0.31-a0-365-gcf821cafb2 (webtiles) character file.

Game seed: 5720744358423192637

19914 rocky1 the Brawler (level 12, -10/168 HPs)
             Began as a Yellow Draconian Shapeshifter on July 28, 2023.
             Was the Champion of Cheibriados.
             Killed from afar by an ancient champion (39 damage)
             ... with an entropic shot
             ... in the Dungeon (Sprint V: "Ziggurat Sprint").
             The game lasted 00:13:43 (3252 turns).

rocky1 the Brawler (Yellow Draconian Shapeshifter)  Turns: 3252, Time: 00:13:44

Health: -10/168    AC: 24    Str: 44    XL:     12   Next: 40%
Magic:  0/20       EV: 18    Int: 26    God:    Cheibriados [******]
Gold:   0          SH:  0    Dex: 28    Spells: 4/11 levels left

rFire   . .          .
                       - Unarmed
rCold   . . .        (shield currently unavailable)
rNeg    . . .        (body armour unavailable)
rPois   +            (helmet currently unavailable)
rElec   .            (cloak currently unavailable)
rCorr   +            r - melded +0 pair of gloves {Str+3}
SInv    .            (boots currently unavailable)
Will    .....        x - amulet of guardian spirit
Stlth   ++           v - +4 ring of slaying
HPRegen 0.48/turn    E - +4 ring of protection
MPRegen 0.17/turn

%: no teleportation, guardian spirit
@: short of breath, dragon-form, flying, studying Polearms, very slow
A: dragon claw, dragon scales, flying, boosted hp, spit acid, AC +8, giant,
unfitting armour, (cold-blooded), acid resistance
a: Breathe Acid, Begin Untransformation, Renounce Religion, Bend Time, Temporal
Distortion, Slouch, Step From Time


You were in the Dungeon.
You worshipped Cheibriados.
Cheibriados was exalted by your worship.
You were a fearsome golden dragon!
You visited 1 branch

Inventory:

Armour
 r - a +0 pair of gloves of strength (melded)
 M - the +1 cloak "Umpehih" {Contam +Inv Str+4}
   (You found it in the Dungeon)

   Str:       It affects your strength (+4).
   +Inv:      It lets you turn invisible.
   Contam:    It causes magical contamination when unequipped.
Magical Staves
 w - the staff "Ciwol" {Int+4 Conj Hexes}
   (You found it in the Dungeon)

   [staff of conjuration]

   Base accuracy: +5 Base damage: 5 Base attack delay: 1.2 This weapon's minimum
   attack delay (0.6) is reached at skill level 12.
   Int:       It affects your intelligence (+4).
   Conj:      It increases the power of your Conjurations spells.
   Hexes:     It increases the power of your Hexes spells.
   It falls into the 'Staves' category.
   It is a one-handed weapon.
Jewellery
 v - a +4 ring of slaying (left foreclaw)
 x - an amulet of guardian spirit (around neck)
 E - a +4 ring of protection (right foreclaw)
 I - the amulet "Zoycs" {Reflect rCorr Str+3 Dex+4 SH+5}
   (You found it in the Dungeon)

   [amulet of reflection]

   It reflects blocked missile attacks.
   Str:       It affects your strength (+3).
   Dex:       It affects your dexterity (+4).
   rCorr:     It protects you from acid and corrosion.
   SH:        It affects your SH (+5).
 J - a ring of ice
 K - a ring of fire
 L - a ring of wizardry
 N - a +5 ring of evasion
 P - a +6 ring of dexterity
 R - an amulet of the acrobat
Talismans
 b - a beast talisman
 u - a storm talisman
 y - a dragon-blood talisman
 A - a blade talisman
 B - a maw talisman
 C - a serpent talisman
 O - a talisman of death
Wands
 l - a wand of mindburst (11)
 s - a wand of acid (8)
 t - a wand of digging (5)
 F - a wand of iceblast (10)
 H - a wand of paralysis (12)
 Q - a wand of flame (9)
Scrolls
 h - 3 scrolls of blinking
 n - 4 scrolls of amnesia
 o - 7 scrolls of fog
 p - 5 scrolls of identify
 q - a scroll of fear
 G - 4 scrolls of enchant armour
Potions
 a - a potion of lignification
 c - 9 potions of curing
 d - 10 potions of heal wounds
 e - 18 potions of haste
 f - 7 potions of magic
 g - 2 potions of berserk rage
 i - 2 potions of brilliance
 j - 2 potions of invisibility
 k - 4 potions of resistance
 m - 6 potions of might
Miscellaneous
 z - a lightning rod (4/4)
 D - a condenser vane


   Skills:
 + Level 13.7 Fighting
 + Level 11.7 Dodging
 + Level 18.8 Unarmed Combat
 - Level 11.5 Invocations
 - Level 10.6 Evocations
 * Level 14.7 Shapeshifting


You had 4 spell levels left.
You knew the following spells:

 Your Spells              Type           Power      Damage    Failure   Level
a - Wereblood             Tmut           0%         N/A       19%         2
b - Irradiate             Conj/Tmut      0%         3d11      98%         5

Your spell library contained the following spells:

 Spells                   Type           Power      Damage    Failure   Level
 Slow                     Hex            0%         N/A       13%         1
 Summon Small Mammal      Summ           0%         N/A       13%         1
 Blink                    Tloc           0%         N/A       19%         2
 Cigotuvi's Dreadful Rot  Necr/Pois/Air  0%         N/A       19%         2
 Ensorcelled Hibernation  Hex/Ice        0%         N/A       19%         2
 Lesser Beckoning         Tloc           0%         N/A       19%         2
 Momentum Strike          Conj/Tloc      0%         3d8       19%         2
 Call Canine Familiar     Summ           0%         N/A       36%         3
 Confusing Touch          Hex            0%         N/A       36%         3
 Ozocubu's Armour         Ice            0%         N/A       36%         3
 Portal Projectile        Hex/Tloc       0%         N/A       36%         3
 Stone Arrow              Conj/Erth      0%         3d7       36%         3
 Summon Guardian Golem    Hex/Summ       0%         N/A       36%         3
 Tukima's Dance           Hex            0%         N/A       36%         3
 Vampiric Draining        Necr           0%         2d6       36%         3
 Vhi's Electric Charge    Tloc/Air       0%         N/A       36%         3
 Anguish                  Hex/Necr       0%         N/A       77%         4
 Dispel Undead            Necr           0%         3d6       77%         4
 Iskenderun's Mystic Bla  Conj/Tloc      0%         2d3       77%         4
 Leda's Liquefaction      Hex/Erth       0%         N/A       77%         4
 Manifold Assault         Tloc           0%         N/A       77%         4
 Passage of Golubria      Tloc           0%         N/A       77%         4
 Summon Lightning Spire   Summ/Air       0%         N/A       77%         4
 Arcjolt                  Conj/Air       0%         1d10      98%         5
 Lee's Rapid Deconstruct  Erth           0%         3d4*      98%         5
 Metabolic Englaciation   Hex/Ice        0%         N/A       98%         5
 Summon Forest            Summ/Tloc      0%         N/A       98%         5
 Yara's Violent Unravell  Hex/Tmut       0%         3d3       98%         5
 Death Channel            Necr           0%         N/A       100%        6
 Eringya's Noxious Bog    Tmut/Pois      0%         4d6       100%        6
 Leda's Unmaking          Conj/Erth      0%         9d1       100%        6
 Simulacrum               Ice/Necr       0%         N/A       100%        6
 Ozocubu's Refrigeration  Ice            0%         4d7       100%        7
 Summon Hydra             Summ           0%         N/A       100%        7
 Lehudib's Crystal Spear  Conj/Erth      0%         10d2      100%        8
 Maxwell's Capacitive Co  Air            0%         ∞         100%        8
 Polar Vortex             Ice            0%         N/A       100%        9
 Animate Armour           Summ/Erth      Unusable   N/A       N/A         4

Dungeon Overview and Level Annotations

Branches:
Dungeon (1/1)

Altars:
Ashenzari
Cheibriados
Dithmenos
Elyvilon
Fedhas
Gozag
Hepliaklqana
Kikubaaqudgha
Makhleb
Nemelex Xobeh
Okawaru
Qazlal
Ru
Sif Muna
Trog
Uskayaw
Vehumet
Wu Jian
Xom
Yredelemnul
Zin
The Shining One
Jiyva
Lugonu


Innate Abilities, Weirdness & Mutations

You are a fearsome golden dragon!
You have a powerful clawing attack.
Your giant scaled body is strong and resiliant, but less evasive.
Your breath weapon is enhanced in this form.
You are flying.
Your maximum health is greatly increased.
Your armour is entirely melded.
You are incapable of wielding weapons or throwing items.
You can spit globs of acid.
Your golden yellow scales are hard. (AC +8)
You cannot fit into any form of body armour.
((You are cold-blooded and may be slowed by cold attacks.))
You are resistant to acid. (rCorr)


Message History

The acid corrodes the quicksilver elemental!
The acid splashes onto the ancient champion!
The ancient champion is splashed with acid.
The acid corrodes the ancient champion!
The acid splashes onto the ancient champion!
The ancient champion is splashed with acid.
The acid corrodes the ancient champion!
The war gargoyle is severely damaged.
The war gargoyle hits you with a +0 flail.
The war gargoyle closely misses you. The quicksilver elemental misses you.
Unknown command.
You are too injured to fight recklessly!
You are too injured to fight recklessly!
You maul the quicksilver elemental!!!
You bite the quicksilver elemental.
The quicksilver elemental is heavily damaged.
The quicksilver elemental breathes dispelling energy at you.
The bolt of dispelling energy hits you!!!
* * * LOW HITPOINT WARNING * * *
Unknown command.
You feel much better.
The war gargoyle hits you but does no damage.
The quicksilver elemental hits you but does no damage.
The war gargoyle hits you with a +0 flail!!
* * * LOW HITPOINT WARNING * * *
The ancient champion gestures wildly while chanting.
The ancient champion seems to speed up.
The quicksilver elemental attacks as you move away!
The quicksilver elemental closely misses you. x2
The war gargoyle launches metal splinters at you.
The spray of metal splinters misses you.
The quicksilver elemental breathes dispelling energy at you.
The bolt of dispelling energy misses you.
The ancient champion hits you with a +3 great mace!
* * * LOW HITPOINT WARNING * * *
You maul the quicksilver elemental!!!
You destroy the quicksilver elemental!
Cheibriados thoroughly appreciates the change of pace.
The ancient champion gestures at you while chanting.
The entropic shot hits you!!!
You die...

▓...)|):)=..▓...©..
▓.....D.....▓▓▓▓▓▓▓
▓...........▓...8©8
▓....9......▓..=))|
▓.......... ▓...)).
▓. ▓9D...▓ ▓......
▓.▓▓▓2..▓▓ ▓..[...
▓..▓z9...▓..▓....)[
▓.Dz9z©.....▓....[.
▓▓▓▓▓▓▓▓▓▓▓▓▓.▓....
▓....8©8....▓....©.
▓..).)..)...▓▓▓▓▓▓▓
▓...).)|....▓...8©8
▓...........▓...)[.
▓...........▓.....|
▓...........▓......
▓...........▓......


You could see 3 ancient champions, 2 war gargoyles and a hellion (corroded).

Vanquished Creatures
  2 rockslimes (D)
  A quicksilver elemental (D)
  3 frost giants (D)
  A war gargoyle (D)
  An ironbound preserver (D)
  An ironbound thunderhulk (D)
  A blizzard demon (D)
  A yaktaur captain (D)
  2 great orbs of eyes (D)
  2 vault guards (D)
  3 two-headed ogres (D)
  2 soul eaters (D)
  A shining eye (D)
  3 draconians (D)
  An eye of devastation (D)
  A rime drake (D)
  A freezing wraith (D)
  An ice devil (D)
  A yaktaur (D)
  A polar bear (D)
  A troll (D)
  2 hellwings (D)
  2 tarantellas (D)
  A jumping spider (D)
  A slime creature (D)
  6 spriggans (D)
  2 redbacks (D)
  2 hell hounds (D)
  An ogre (D)
  3 wolves (D)
  2 necrophages (D)
  A scorpion (D)
  2 crimson imps (D)
  A quasit (D)
  A jelly (D)
  2 orc priests (D)
  2 iron imps (D)
  An orc wizard (D)
  A shadow imp (D)
  A white imp (D)
  A spectral adder (D)
  An adder zombie (D)
  An orc (D)
  A spectral bat (D)
  A bat skeleton (D)
  A bat zombie (D)
  2 endoplasms (D)
  A ball python simulacrum (D)
  3 ball python skeletons (D)
  A ball python zombie (D)
  2 bat simulacra (D)
  A jackal simulacrum (D)
  3 quokka skeletons (D)
  2 quokka zombies (D)
  A spectral ball python (D)
  A spectral quokka (D)
88 creatures vanquished.

Vanquished Creatures (others)
  An endoplasm (D)
1 creature vanquished.

Grand Total: 89 creatures vanquished

Notes
Turn   | Place    | Note
-------+----------+-------------------------------------------
     0 | D        | rocky1 the Draconian Shapeshifter began the quest for the
                  | Orb.
     0 | D        | Reached XP level 1. HP: 16/16 MP: 1/1
     0 | D        | Found a shimmering blue altar of Sif Muna.
     0 | D        | Found a bloodstained altar of Trog.
     0 | D        | Found a sacrificial altar of Ru.
     0 | D        | Found a stormy altar of Qazlal.
     0 | D        | Found an iron altar of Okawaru.
     1 | D        | Found a sparkling altar of Nemelex Xobeh.
     1 | D        | Found a blossoming altar of Fedhas.
     1 | D        | Found the +6 Majin-Bo {spellvamp, MP+6 Int+6}
     1 | D        | Found the +27 heavy crossbow "Sniper" {heavy, Acc+∞ SInv}
     1 | D        | Found the +10 dark maul {heavy}
     1 | D        | Found the +15 Maxwell's patent armour {-Cast -Tele rElec
                  | Will+ rCorr}
     1 | D        | Found the +18 shield of the Gong {Loud rN+ Will+ rCorr
                  | EV-5}
     1 | D        | Found the +16 obsidian axe {drain, demonic, Mesm Drain Fly
                  | SInv}
     1 | D        | Found the +7 great mace "Firestarter" {flame, immolate,
                  | rFlCloud rF++}
     1 | D        | Found the +6 shillelagh "Devastator" {shatter}
     1 | D        | Found the +11 plutonium sword {Contam Stlth-}
     1 | D        | Found the +8 lance "Wyrmbane" {slay drac, rPois rF+ rC+
                  | AC+3}
     1 | D        | Found the +9 sword of Zonguldrok {reap}
     1 | D        | Found the +13 scythe of Curses {drain, curses, Drain}
     1 | D        | Found the +9 sword of Power {lifebolt}
     1 | D        | Found the +7 mace of Variability {chaos, chaos arc}
     1 | D        | Found the +11 Singing Sword {sonic wave}
     1 | D        | Found the +8 storm bow {elec, penet}
     3 | D        | Found a transporter.
     3 | D        | Found an ancient bone altar of Kikubaaqudgha.
     3 | D        | Found a viscous altar of Jiyva.
     3 | D        | Found a corrupted altar of Lugonu.
     3 | D        | Found a hazy altar of Hepliaklqana.
     3 | D        | Found a burning altar of Makhleb.
     3 | D        | Found an opulent altar of Gozag.
     6 | D        | Reached skill level 5 in Unarmed Combat
     6 | D        | Reached XP level 2. HP: 26/26 MP: 2/2
   156 | D        | Became a worshipper of Cheibriados the Contemplative
   171 | D        | Entered arena 2.
   171 | D        | Noticed a crimson imp
   171 | D        | Found a transporter.
   173 | D        | Killed a crimson imp
   174 | D        | Reached skill level 6 in Unarmed Combat
   174 | D        | Reached skill level 1 in Invocations
   174 | D        | Reached skill level 1 in Evocations
   174 | D        | Reached XP level 3. HP: 33/33 MP: 3/3
   174 | D        | Reached * piety under Cheibriados
   175 | D        | Reached XP level 4. HP: 40/40 MP: 3/5
   198 | D        | Entered arena 3.
   198 | D        | Noticed a draconian
   198 | D        | Noticed a draconian
   198 | D        | Noticed a draconian
   198 | D        | Found a transporter.
   206 | D        | Killed a draconian
   206 | D        | Reached ** piety under Cheibriados
   207 | D        | Reached skill level 5 in Dodging
   207 | D        | Reached skill level 8 in Unarmed Combat
   207 | D        | Reached XP level 5. HP: 29/50 MP: 5/8
   207 | D        | Reached XP level 6. HP: 34/57 MP: 5/9
   208 | D        | Killed a draconian
   209 | D        | Reached skill level 9 in Unarmed Combat
   209 | D        | Reached skill level 5 in Invocations
   209 | D        | Reached skill level 5 in Evocations
   209 | D        | Your scales start taking on a golden yellow colour.
   209 | D        | Reached XP level 7. HP: 40/66 MP: 5/11
   209 | D        | Gained mutation: You are resistant to acid. (rCorr) [Yellow
                  | Draconian growth]
   214 | D        | Killed a draconian
   215 | D        | Reached skill level 10 in Unarmed Combat
   215 | D        | Reached XP level 8. HP: 47/73 MP: 6/12
   574 | D        | Entered arena 4.
   574 | D        | Found the +3 salamander hide armour {Flames, rFlCloud rF++
                  | rC--}
   574 | D        | Noticed a hellwing
   574 | D        | Noticed a hellwing
   574 | D        | Found a transporter.
   577 | D        | Reached *** piety under Cheibriados
   582 | D        | Killed a hellwing
   586 | D        | Killed a hellwing
   586 | D        | Reached **** piety under Cheibriados
   781 | D        | Entered arena 5.
   781 | D        | Found a transporter.
   790 | D        | Reached ***** piety under Cheibriados
  1133 | D        | Got the staff "Ciwol" {Int+4 Conj Hexes}
  1236 | D        | Entered arena 6.
  1236 | D        | Noticed a two-headed ogre
  1236 | D        | Noticed a troll
  1236 | D        | Noticed a two-headed ogre
  1236 | D        | Noticed a two-headed ogre
  1236 | D        | Found a transporter.
  1239 | D        | Killed a two-headed ogre
  1240 | D        | Reached skill level 11 in Unarmed Combat
  1240 | D        | Reached XP level 9. HP: 82/82 MP: 14/14
  1241 | D        | Killed a two-headed ogre
  1243 | D        | Killed a two-headed ogre
  1244 | D        | Reached skill level 12 in Unarmed Combat
  1244 | D        | Reached skill level 10 in Shapeshifting
  1246 | D        | Killed a troll
  1257 | D        | Got the ring "Iqes" {Fire rCorr Str+3}
  1364 | D        | Entered arena 7.
  1366 | D        | Found a transporter.
  1367 | D        | Reached ****** piety under Cheibriados
  1397 | D        | Learned a level 2 spell: Wereblood
  1403 | D        | Learned a level 5 spell: Irradiate
  1404 | D        | Entered arena 8.
  1405 | D        | Found a transporter.
  1409 | D        | Reached XP level 10. HP: 88/92 MP: 16/16
  1413 | D        | Reached skill level 13 in Unarmed Combat
  1416 | D        | Reached skill level 10 in Fighting
  1837 | D        | Entered arena 9.
  1837 | D        | Noticed a vault guard
  1837 | D        | Noticed a great orb of eyes
  1837 | D        | Noticed a vault guard
  1837 | D        | Noticed an ironbound preserver
  1837 | D        | Noticed an ironbound thunderhulk
  1837 | D        | Noticed a yaktaur captain
  1838 | D        | Found a transporter.
  1843 | D        | Killed a yaktaur captain
  1843 | D        | Killed a vault guard
  1844 | D        | Reached skill level 14 in Unarmed Combat
  1844 | D        | Killed an ironbound preserver
  1845 | D        | Reached skill level 15 in Unarmed Combat
  1845 | D        | Killed a great orb of eyes
  1845 | D        | Killed an ironbound thunderhulk
  1846 | D        | Reached skill level 10 in Invocations
  1846 | D        | Reached XP level 11. HP: 42/102 MP: 12/18
  1847 | D        | Killed a vault guard
  1848 | D        | Reached skill level 16 in Unarmed Combat
  2186 | D        | Entered arena 10.
  2187 | D        | Found a transporter.
  2237 | D        | Entered arena 11.
  2238 | D        | Found a transporter.
  2253 | D        | Reached skill level 10 in Dodging
  2387 | D        | Got the amulet "Zoycs" {Reflect rCorr Str+3 Dex+4 SH+5}
  2393 | D        | Entered arena 12.
  2393 | D        | Noticed a rockslime
  2393 | D        | Noticed a great orb of eyes
  2394 | D        | Noticed a shining eye
  2394 | D        | Noticed a rockslime
  2395 | D        | Found a transporter.
  2405 | D        | Killed a shining eye
  2406 | D        | Reached skill level 17 in Unarmed Combat
  2409 | D        | Killed a rockslime
  2410 | D        | Reached skill level 10 in Evocations
  2413 | D        | Killed a rockslime
  2416 | D        | Killed a great orb of eyes
  2420 | D        | Reached skill level 18 in Unarmed Combat
  2790 | D        | Entered arena 13.
  2791 | D        | Noticed a soul eater
  2791 | D        | Noticed a soul eater
  2793 | D        | Found a transporter.
  2797 | D        | Killed a soul eater
  2803 | D        | Killed a soul eater
  2946 | D        | Got the +1 cloak "Umpehih" {Contam +Inv Str+4}
  2969 | D        | Entered arena 14.
  2970 | D        | Noticed a frost giant
  2970 | D        | Noticed a frost giant
  2970 | D        | Noticed a frost giant
  2970 | D        | Noticed a blizzard demon
  2976 | D        | Killed a frost giant
  2977 | D        | Reached XP level 12. HP: 90/113 MP: 12/20
  2979 | D        | Killed a frost giant
  2983 | D        | Killed a blizzard demon
  2985 | D        | Killed a frost giant
  3211 | D        | Found a transporter.
  3241 | D        | Entered arena 15.
  3242 | D        | Noticed a war gargoyle
  3242 | D        | Noticed a war gargoyle
  3242 | D        | Noticed a war gargoyle
  3242 | D        | Noticed a quicksilver elemental
  3242 | D        | Noticed an ancient champion
  3243 | D        | Noticed an ancient champion
  3243 | D        | Noticed an ancient champion
  3244 | D        | Noticed an ancient champion
  3244 | D        | Noticed an iron dragon
  3244 | D        | Noticed an ancient champion
  3246 | D        | Killed a war gargoyle
  3246 | D        | Noticed a war gargoyle
  3252 | D        | Killed a quicksilver elemental
  3252 | D        | Killed from afar by an ancient champion

Illustrated notes

Levels and vault maps discovered:
D:        sprint_v [room_start, room_1, room_2, room_3, room_4, room_5, room_6,
          room_7, room_8, room_9, room_10, room_11, room_12, room_13, room_14,
          room_15, room_16, room_17, room_18, room_19, room_20, room_21,
          room_22, room_23, room_24, room_25, room_26, room_27]

Skill      XL: |  1  2  3  4  5  6  7  8  9 10 11 12 |
---------------+-------------------------------------+-----
Fighting       | 3 4 6 7 8 9 11 12 13 | 13.7
Dodging        | 3 5 6 7 8 9 10 11 | 11.7
Unarmed Combat | 5 6 8 9 10 11 12 15 18 | 18.8
Shapeshifting  | 4 6 7 8 9 10 11 13 14 | 14.7
Invocations    | 1 4 5 6 7 8 10 11 | 11.5
Evocations     | 1 4 5 6 7 9 10 | 10.6

Action                     |  1- 3 |  4- 6 |  7- 9 | 10-12 || total
---------------------------+-------+-------+-------+-------++-------
  Melee: Unarmed           |     1 |     1 |    45 |    99 ||   146
         Tailslap          |       |       |     7 |    18 ||    25
         Maw               |       |       |       |    10 ||    10
         Punch             |       |       |       |    10 ||    10
         Bite              |       |       |       |     3 ||     3
Ability: Breathe Acid      |       |       |     3 |     2 ||     5
  Evoke: Wand              |     2 |     7 |     3 |     4 ||    16
         Condenser vane    |       |     1 |       |     1 ||     2
         Lightning rod     |       |       |       |     4 ||     4
    Use: Potion            |     1 |       |       |     6 ||     7
         Scroll            |       |     1 |       |     1 ||     2
 Armour: Skin              |       |       |     9 |    55 ||    64
  Dodge: Dodged            |       |       |    51 |   138 ||   189
   Form: Blade             |       |       |     1 |       ||     1
         Dragon            |       |       |       |     1 ||     1
         Maw               |       |       |       |     1 ||     1

Table legend: (Time is in decaauts)
 A = Elapsed time spent in this place.
 B = Non-inter-level travel time spent in this place.
 C = Inter-level travel time spent in this place.
 D = Time resting spent in this place.
 E = Time spent auto-exploring this place.
 F = Levels seen in this place.
 G = Mean time per level.
                   A        B        C        D        E       F      G
               +--------+--------+--------+--------+--------+-----+--------+
         Total |   3451 |   3451 |      0 |   2652 |      0 |   1 | 3451.0 |
       Dungeon |   3451 |   3451 |      0 |   2652 |      0 |   1 | 3451.0 |
               +--------+--------+--------+--------+--------+-----+--------+

Top non-repeatable levels by time:
       D: 3451 daAuts
